 Dungeon Crawl Stone Soup version 0.31.0 (webtiles) character file.

Game seed: 876291994688345421

24 HakonGodeson the Covered (level 3, -3/29 HPs)
             Began as a Human Fighter on Jan 20, 2024.
             Slain by a kobold
             ... wielding a +0 whip
              (5 damage)
             ... on level 2 of the Dungeon.
             The game lasted 00:02:01 (692 turns).

HakonGodeson the Covered (Human Fighter)             Turns: 692, Time: 00:02:02

Health: -3/29      AC:  6    Str: 16    XL:     3   Next: 2%
Magic:  3/3        EV:  9    Int: 10    God:
Gold:   91         SH:  4    Dex: 12    Spells: 2/2 levels left

rFire   . . .        a - +0 long sword
rCold   . . .        c - +0 buckler
rNeg    . . .        b - +0 scale mail
rPois   .            (no helmet)
rElec   .            (no cloak)
rCorr   .            (no gloves)
SInv    .            (no boots)
Will    +....        (no amulet) Stlth
                     i - ring of willpower
HPRegen 0.24/turn    (no ring)
MPRegen 0.08/turn

%: no passive effects
@: mighty, hasted, very quick
A: explore regen
a: no special abilities


You were on level 2 of the Dungeon.
You visited 1 branch of the dungeon, and saw 2 of its levels.

You collected 91 gold pieces.

Inventory:

Hand Weapons
 a - a +0 long sword (weapon)
Armour
 b - a +0 scale mail (worn)
 c - a +0 buckler (worn)
Jewellery
 i - a ring of willpower (left hand)
Potions
 g - a potion of curing {unknown}
 j - a potion of attraction


   Skills:
 * Level 3.1 Fighting
 * Level 2.3 Long Blades
 * Level 3.3 Armour
 * Level 0.4 Dodging
 * Level 0.5 Stealth
 * Level 3.1 Shields


You had 2 spell levels left.
You didn't know any spells.
Your spell library was empty.

Dungeon Overview and Level Annotations

Branches:
Dungeon (2/15)

Altars:
Trog


Innate Abilities, Weirdness & Mutations

You regain HP and MP as you explore.


Message History

You slash the goblin!
You kill the goblin!
The adder closely misses you. The ribbon worm bites you. The adder bites you.
You are poisoned.
The adder poisons you! The kobold completely misses you.
You barely miss the ribbon worm.
You feel sick. The adder bites you but does no damage.
The ribbon worm bites you but does no damage.
The kobold hits you but does no damage. The adder bites you.
You slash the ribbon worm!
The ribbon worm is almost dead.
You feel sick. You block the adder's attack. The ribbon worm bites you.
The kobold hits you but does no damage. The adder bites you but does no damage.
You slash the ribbon worm!
You kill the ribbon worm!
You feel sick.
You are no longer poisoned.
The kobold hits you with a +0 whip.
* * * LOW HITPOINT WARNING * * *
You block the adder's attack. The kobold hits you with a +0 whip.
* * * LOW HITPOINT WARNING * * *
You have reached level 3!
Your experience leads to an increase in your attributes!
Increase (S)trength, (I)ntelligence, or (D)exterity?
You feel clever. x2
It was a potion of haste.
You feel yourself speed up. You block the adder's attack.
You block the kobold's attack. The adder bites you but does no damage.
You slash the adder!
The adder is almost dead.
You block the adder's attack. The kobold closely misses you.
You barely miss the adder.
The adder is almost dead.
The adder bites you.
* * * LOW HITPOINT WARNING * * *
The kobold hits you but does no damage.
You closely miss the adder.
The adder is almost dead.
The adder bites you but does no damage. The kobold hits you with a +0 whip.
You die...

#........#
#........#
#........#
#........#
#........#
#........#
#....<...#
#####........#
.......S@†...###
########K##.....
...####.#......
#...........##
...............
......<......##
........#....#
.K#.....###..#
##..._... ..#


You could see an adder and a kobold.

Vanquished Creatures
  2 ribbon worms (D:2)
  A bat (D:1)
  An endoplasm (D:1)
  A giant cockroach (D:2)
  A goblin (D:2)
  A kobold (D:1)
  2 quokkas (D:1)
  3 ball pythons (D:1)
  4 frilled lizards (D:1)
  3 rats (D:1)
19 creatures vanquished.

Notes
Turn   | Place    | Note
-------+----------+-------------------------------------------
     0 | D:1      | HakonGodeson the Human Fighter began the quest for the Orb.
     0 | D:1      | Reached XP level 1. HP: 18/18 MP: 1/1
   337 | D:1      | Reached XP level 2. HP: 23/24 MP: 2/2
   655 | D:2      | Found a bloodstained altar of Trog.
   689 | D:2      | Reached XP level 3. HP: 3/29 MP: 3/3
   692 | D:2      | Slain by a kobold

Illustrated notes

Levels and vault maps discovered:
D:1:      dpeg_arrival_snail, layout_basic
D:2:      layout_rooms, basic_altar, chequers_mini_garden, dk_noncrumbling_4,
          kennysheep_generic_room_7

Action                     || total
---------------------------++-------
  Melee: Long sword        ||    62
    Use: Scroll            ||     3
         Potion            ||     3
 Armour: Scale mail        ||    98
  Dodge: Dodged            ||    34
  Block: Buckler           ||    21
